 Dungeon Crawl Stone Soup version 0.17-a0-2231-gd80ca38 (webtiles) character file.

8619 truemonolith the Nimble (level 11, -6/112 HPs)
             Began as a Halfling Berserker on Oct 29, 2015.
             Was a High Priest of Trog.
             Mangled by a red ugly thing (9 damage)
             ... on level 9 of the Dungeon.
             The game lasted 00:40:06 (13117 turns).

truemonolith the Nimble (Halfling Berserker)       Turns: 13117, Time: 00:40:06

Health: -6/112     AC: 18    Str: 24    XL:     11   Next: 59%
Magic:  11/11      EV: 14    Int:  6    God:    Trog [*****.]
Gold:   642        SH: 13    Dex: 18    Spells: 0 memorised, 10 levels left

rFire  + . .     SeeInvis +     t - +3 short sword (speed)
rCold  + . .     Clarity  .     B - +0 plate armour
rNeg   . . .     SustAt   .     w - +0 shield
rPois  +         Gourm    .     e - +0 helmet {SInv}
rElec  +         Spirit   .     d - +0 cloak
rCorr  +         Warding  .     (no gloves)
rMut   .         Stasis   .     k - +0 pair of boots
MR     .....                    (no amulet)
Stlth  ..........               (no ring)
                                (no ring)

@: berserking, resistant, very quick, not resistant to hostile enchantments,
extremely unstealthy
A: agile 1, mutation resistance 1
a: Berserk, Trog's Hand, Brothers in Arms, Burn Spellbooks, Renounce Religion


You were on level 9 of the Dungeon.
You worshipped Trog.
Trog was extremely pleased with you.
You were not hungry.

You visited 1 branch of the dungeon, and saw 9 of its levels.
You also visited: Bailey.

You collected 642 gold pieces.

Inventory:

Hand Weapons
 h - the cursed +0 arbalest of Huolen {venom, MR+ MP+9 Dex+4, unknown}
   (You found it on level 8 of the Dungeon)

   It poisons the ammo it fires.
   It affects your dexterity (+4).
   It affects your resistance to hostile enchantments.
   It affects your magic capacity (+9).
   It has a curse placed upon it.
 t - a +3 short sword of speed (weapon)
 y - a +0 hunting sling
Armour
 b - a +0 buckler
 d - a +0 cloak (worn)
 e - a +0 helmet of see invisible (worn)
 k - a +0 pair of boots (worn)
 m - the +0 hat "Sykhoebo" {Int+2}
   (You acquired it in a bailey)

   It affects your intelligence (+2).
 w - a +0 shield (worn)
 B - a +0 plate armour (worn)
Rods
 i - a +0 rod of the swarm (12/12)
   (You found it on level 8 of the Dungeon)
Jewellery
 v - an uncursed ring of sustain attributes
Wands
 l - a wand of flame (24)
 J - a wand of random effects (32)
Scrolls
 j - 5 scrolls of remove curse
 o - 2 scrolls of magic mapping
 q - a scroll of immolation {unknown}
 s - 7 scrolls of identify
 x - 2 scrolls of fear
 C - a scroll of recharging
 D - 2 scrolls of blinking
 I - a scroll of fog {unknown}
Potions
 a - a potion of poison {unknown}
 g - a potion of lignification
 n - a potion of degeneration {unknown}
 p - a potion of invisibility {unknown}
 z - a potion of cancellation {unknown}
 A - a potion of berserk rage {unknown}
 G - a potion of haste {unknown}
 H - 3 potions of curing
Books
 E - a book of Spatial Translocations

   Spells                             Type                      Level
   a - Apportation                    Translocation                1
   b - Blink                          Translocation                2
   c - Shroud of Golubria             Charms/Translocation         2
   d - Portal Projectile              Translocation                3
   e - Teleport Other                 Translocation                3
   f - Passage of Golubria            Translocation                4
   Trog disapproves of the use of such an item.
Comestibles
 c - 5 bread rations
 f - 2 meat rations
 r - a royal jelly
 u - 3 fruits


   Skills:
 - Level 7.6 Fighting
 - Level 8.4 Short Blades
 + Level 9.2 Armour
 - Level 10.3 Dodging
 - Level 8.3 Shields


You had 10 spell levels left.
You didn't know any spells.

Dungeon Overview and Level Annotations

Branches:
Dungeon (9/15)             Temple (0/1) D:4            Lair (0/8) D:8
    Orc: D:9-12

Altars:
Ashenzari
Cheibriados
Elyvilon
Gozag
Kikubaaqudgha
Makhleb
Nemelex Xobeh
Sif Muna
Vehumet
Xom
Yredelemnul
Zin
The Shining One

Shops:
D:9 (


Innate Abilities, Weirdness & Mutations

You are small and have problems with some larger weapons.
You are somewhat resistant to further mutation.
You are agile. (Dex +2)


Message History

You feel yourself moving faster!
You feel mighty!
You feel somewhat more hungry. The red ugly thing barely misses you.
You closely miss the red ugly thing.
The red ugly thing is moderately wounded.
You hit the red ugly thing.
The red ugly thing is moderately wounded.
You puncture the red ugly thing!
The red ugly thing is heavily wounded.
The red ugly thing kicks you.
* * * LOW HITPOINT WARNING * * *
You are engulfed in flames!
You resist.
* * * LOW HITPOINT WARNING * * *
You puncture the red ugly thing!
The red ugly thing is severely wounded.
You puncture the red ugly thing!
The red ugly thing is severely wounded.
The red ugly thing kicks you.
* * * LOW HITPOINT WARNING * * *
You are engulfed in flames!
You resist.
You die...

*,,......### #......######.≈≈≈≈≈
*,,,,......# #......#......≈####
*,..,,.....# #......#......≈#...
**...**#...# #......#......≈#.∩.
*...###...# #......######.≈#...
*.........####.....).......≈##)#
*...................)......≈≈≈))
*##......##########.###.........
#..>...'.....@u.....'.........
#......########.....#...##....
#......### #.....#...######
#........# #.....#####
#........# #.....# ########
######...# ####.....###.......
#...###....#.....'.....#.
#...#...........##.......
#...#...........#####....


You could see a red ugly thing.

Vanquished Creatures
  An orc warlord (Bailey)
  2 unseen horrors
  A spiny frog (D:7)
  A blink frog (D:8)
  A spriggan (D:8)
  The ghost of radek the Destroyer, an amateur DECj (D:4)
  A deep elf mage (D:9)
  Eustachio (D:4)
  2 hippogriffs
  7 orc warriors
  7 ogres
  A sky beast (D:9)
  4 ice beasts
  2 phantoms
  A wasp (D:9)
  2 necrophages
  A black bear (D:6)
  2 centaurs
  5 giant frogs
  2 big kobolds
  A water moccasin zombie (D:6)
  3 scorpions
  9 wights
  3 centaur skeletons
  8 crimson imps
  A gnoll shaman (D:5)
  A giant frog zombie (D:8)
  5 orc priests
  A giant frog skeleton (D:8)
  8 hounds
  6 orc wizards
  2 iguanas
  4 worker ants
  2 killer bee zombies
  A hound skeleton (D:8)
  A mummy (D:6)
  15 gnolls
  14 adders
  A shadow imp (D:9)
  An ooze (D:3)
  3 adder skeletons
  2 adder zombies (D:9)
  3 worms
  2 giant geckos
  41 orcs
  4 ball pythons
  A giant cockroach (D:3)
  12 goblins
  10 hobgoblins
  9 jackals
  10 bats
  A giant gecko skeleton (D:8)
  7 giant newts
  A jackal skeleton (D:4)
  A jackal zombie (D:9)
  26 kobolds
  5 quokkas
  10 rats
280 creatures vanquished.

Vanquished Creatures (others)
  A plant (D:7)
1 creature vanquished.

Grand Total: 281 creatures vanquished

Notes
Turn   | Place    | Note
--------------------------------------------------------------
     0 | D:1      | truemonolith the Halfling Berserker began the quest for the Orb.
     0 | D:1      | Reached XP level 1. HP: 15/15 MP: 1/1
   562 | D:1      | Reached XP level 2. HP: 14/20 MP: 2/2
   863 | D:1      | Reached skill level 5 in Short Blades
   999 | D:1      | Reached ** piety under Trog
  1004 | D:1      | Reached XP level 3. HP: 3/25 MP: 3/3
  1008 | D:1      | HP: 1/25 [poisoned by an adder]
  1631 | D:2      | Found a sparkling altar of Nemelex Xobeh.
  1980 | D:2      | Reached skill level 6 in Short Blades
  1980 | D:2      | Reached XP level 4. HP: 30/30 MP: 4/4
  2145 | D:2      | Found a shimmering altar of Xom.
  2319 | D:2      | Found a radiant altar of Vehumet.
  2328 | D:2      | Found a burning altar of Makhleb.
  2730 | D:2      | Reached skill level 7 in Short Blades
  2730 | D:2      | Reached XP level 5. HP: 28/35 MP: 5/5
  2994 | D:3      | Reached *** piety under Trog
  3671 | D:3      | Found a glowing golden altar of the Shining One.
  4004 | D:3      | Reached skill level 8 in Short Blades
  4007 | D:3      | Reached XP level 6. HP: 41/41 MP: 6/6
  4190 | D:4      | Found a staircase to the Ecumenical Temple.
  4438 | D:4      | Reached XP level 7. HP: 42/45 MP: 7/7
  4610 | D:4      | Reached **** piety under Trog
  4829 | D:4      | Noticed radek's ghost (amateur DECj)
  4861 | D:4      | Killed radek's ghost
  4861 | D:4      | Reached skill level 5 in Dodging
  5272 | D:4      | Noticed Eustachio
  5286 | D:4      | Killed Eustachio
  5286 | D:4      | Reached XP level 8. HP: 51/51 MP: 8/8
  5563 | D:5      | Entered Level 5 of the Dungeon
  5763 | D:5      | Reached skill level 5 in Armour
  6363 | D:5      | Found a basalt altar of Yredelemnul.
  6694 | D:6      | Found an opulent altar of Gozag.
  6880 | D:6      | Reached XP level 9. HP: 51/55 MP: 9/9
  6940 | D:6      | Noticed an unseen horror
  6968 | D:6      | Killed an unseen horror
  6968 | D:6      | Reached skill level 9 in Dodging
  7150 | D:6      | Found a snail-covered altar of Cheibriados.
  7675 | D:6      | Reached ***** piety under Trog
  7952 | D:6      | Found a deep blue altar of Sif Muna.
  8135 | D:7      | Found a shattered altar of Ashenzari.
  8200 | D:7      | Reached skill level 10 in Dodging
  8601 | D:7      | Reached XP level 10. HP: 51/61 MP: 10/10
  9083 | D:8      | Found a staircase to the Lair.
  9085 | D:8      | Noticed a spiny frog
  9129 | D:7      | Killed a spiny frog
  9129 | D:7      | Reached skill level 5 in Fighting
 10586 | D:7      | Found a glowing golden altar of the Shining One.
 10894 | D:8      | Received a gift from Trog
 10933 | D:8      | Got a slimy arbalest
 11004 | D:8      | Found an opulent altar of Gozag.
 11036 | D:8      | Reached skill level 1 in Shields
 11134 | D:8      | Noticed an unseen horror
 11174 | D:8      | Killed an unseen horror
 11174 | D:8      | Reached XP level 11. HP: 54/75 MP: 11/11
 11631 | D:8      | Reached skill level 5 in Shields
 11784 | D:8      | Found a glowing silver altar of Zin.
 11953 | D:9      | Noticed a red ugly thing
 12011 | D:9      | Found an ancient bone altar of Kikubaaqudgha.
 12040 | D:9      | Found Leziliepn's Weapon Shoppe.
 12063 | D:9      | Found a flagged portal.
 12077 | Bailey   | Entered a bailey
 12083 | Bailey   | Noticed an orc warlord
 12231 | Bailey   | Found a runed gate.
 12233 | Bailey   | Found a runed gate.
 12236 | Bailey   | Found a runed gate.
 12336 | Bailey   | Killed an orc warlord
 12363 | Bailey   | Gained mutation: You are agile. (Dex +2) [potion of beneficial mutation]
 12364 | Bailey   | Identified a scroll of acquirement
 12367 | Bailey   | Got a slimy hat
 12378 | Bailey   | Identified the +0 hat "Sykhoebo" {Int+2} (You acquired it in a bailey)
 12780 | D:9      | Found a white marble altar of Elyvilon.
 13115 | D:9      | HP: 5/112 [red ugly thing (8)]
 13117 | D:9      | Mangled by a red ugly thing

Vault maps used:
D:1:      dpeg_arrival_ratfight, columned_hall_lemuel, minivault_19
D:2:      grunt_temple_overflow_open, nemelex_xobeh_ov_fountains_minmay,
          marbit_many_paths, first_bread, minmay_misc_feat_plants,
          eino_tiny_chamber
D:3:      tso_metal_star
D:4:      minmay_temple_entry_hall, uniq_eustachio
D:5:      nicolae_overflow_hidden_temple, guppyfry_early_lair_pool
D:6:      led_sif_pool, slow_altar_1, basic_altar
D:7:      wad_lake_hut, lemuel_round_altar, evilmike_ruin_ashenzari
D:8:      zin_scriptorium, kennysheep_mini_moat, dpeg_lair_monsters, the_bakery,
          grunt_ministairs_7
D:9:      elyvilon_altar_5, old_standard_altar, serial_shops, shop_statue,
          enter_bailey_3
Bailey:   bailey_axe_bossmonster_kennysheep, bailey

Action                   |  1- 3 |  4- 6 |  7- 9 | 10-12 || total
-------------------------+-------+-------+-------+-------++-------
Melee: Short sword       |   142 |   235 |   567 |   964 ||  1908
Invok: Berserk           |     2 |     4 |     4 |     5 ||    15
  Use: Scroll            |     1 |     7 |     3 |     5 ||    16
       Potion            |     1 |     1 |     1 |     7 ||    10
 Stab: Sleeping          |     1 |       |       |       ||     1
  Eat: Chunk             |     5 |     2 |     7 |     6 ||    20
       Meat ration       |       |     1 |       |     1 ||     2
       Pizza             |       |     2 |     2 |     1 ||     5
       Bread ration      |       |     1 |     1 |     2 ||     4
       Fruit             |       |       |       |     1 ||     1
